 Dungeon Crawl Stone Soup version 0.27.0-1-g7a089689b8 (console) character file.

Game seed: 4962520321549271671

14 jejorda2 the Sneak (level 2, 0/24 HPs)
             Began as a Minotaur Enchanter on Aug 7, 2021.
             Was a Follower of Yredelemnul.
             Slain by a quokka (3 damage)
             ... on level 1 of the Dungeon.
             The game lasted 00:02:24 (453 turns).

jejorda2 the Sneak (Minotaur Enchanter)              Turns: 453, Time: 00:02:24

Health: 0/24       AC:  2    Str: 12    XL:     2   Next: 31%
Magic:  1/3        EV: 12    Int: 12    God:    Yredelemnul [*.....]
Gold:   0          SH:  0    Dex: 10    Spells: 2/3 levels left

rFire    . . .     SeeInvis .   a - +1 dagger
rCold    . . .     Faith    .   (no shield)
rNeg     . . .     Spirit   .   b - +0 robe
rPois    .         Reflect  .   (helmet restricted)
rElec    .         Harm     .   (no cloak)
rCorr    .         Rampage  .   (no gloves)
Will     .....                  (no boots)
Stlth    ++........             (no amulet)
HPRegen  0.08/turn              (no ring)
MPRegen  0.08/turn              (no ring)

@: no status effects
A: horns 2, retaliatory headbutt
a: Renounce Religion, Animate Remains


You were on level 1 of the Dungeon.
You worshipped Yredelemnul.
Yredelemnul was aware of your devotion.
You visited 1 branch of the dungeon, and saw 1 of its levels.

Inventory:

Hand Weapons
 a - a +1 dagger (weapon)
Missiles
 c - a stone
Armour
 b - a +0 robe (worn)


   Skills:
 + Level 1.9 Fighting
 - Level 1.1 Short Blades
 - Level 2.1 Dodging
 - Level 2.4 Stealth
 - Level 1.3 Spellcasting
 - Level 2.0 Hexes
 + Level 1.1 Invocations


You had 2 spell levels left.
You knew the following spells:

 Your Spells              Type           Power      Damage    Failure   Level
a - Corona                Hex            5%         N/A       13%         1

Your spell library contained the following spells:

 Spells                   Type           Power      Damage    Failure   Level
 Ensorcelled Hibernation  Hex/Ice        6%         N/A       28%         2
 Confusing Touch          Hex            5%         N/A       36%         3
 Tukima's Dance           Hex            5%         N/A       36%         3
 Dazzling Flash           Conj/Hex       6%         N/A       50%         3


Dungeon Overview and Level Annotations

Branches:
Dungeon (1/15)

Altars:
Yredelemnul


Innate Abilities, Weirdness & Mutations

You have a pair of horns on your head.
You reflexively headbutt those who attack you in melee.


Message History

Your ball python zombie barely misses the quokka.
The quokka bites your ball python zombie.
Your ball python zombie misses the quokka.
Your ball python zombie grabs the quokka.
Your ball python zombie constricts the quokka.
The quokka closely misses your ball python zombie.
Your ball python zombie bites the quokka but does no damage.
Your ball python zombie constricts the quokka.
The quokka bites your ball python zombie.
The quokka completely misses your ball python zombie.
Your ball python zombie bites the quokka but does no damage.
Your ball python zombie constricts the quokka.
The quokka bites your ball python zombie.
Your ball python zombie is destroyed!
Aiming: Corona (safe; 13% risk of failure)
Press: ? - help, Q - select action, (/) - cycle Shift-Dir - straight line, f - quokka
Aim: a quokka (lightly wounded, chance to affect: 56%)
You miscast Corona.
You are very lightly contaminated with residual magic.
Nothing appears to happen.
Aiming: Corona (safe; 13% risk of failure)
Press: ? - help, Q - select action, (/) - cycle Shift-Dir - straight line, f/p - quokka
Aim: a quokka (lightly wounded, chance to affect: 56%)
The quokka is outlined in light.
The quokka stops glowing.
Your magical contamination has completely faded away.
The quokka twitches its whiskers.
The quokka closely misses you. You furiously retaliate!
You headbutt the quokka, but do no damage.
You hit the quokka but do no damage. Your headbutt misses the quokka.
The quokka bites you.
* * * LOW HITPOINT WARNING * * *
You hit the quokka but do no damage. The quokka bites you.
* * * LOW HITPOINT WARNING * * *
Unknown command.
You barely miss the quokka.
The quokka bites you but does no damage.
The quokka bites you.
You die...
Your body rises from the dead as a mindless zombie.

. ...........# #..
#.. #.#####.#.# #.⌠
#.##.......#.#####.
#..........#...†...
#..........#..#####
#..........#.......
#...###....#...####
#..##.##...#...####
#.@#...#...........
#.r+.<.'...#.#.....
#..#...#...#.##.###
#..##.##...#.......
#...###....#####.##
#..........).......
#.........######..#
#.........# ....
#.............#
##..


You could see a quokka.

Vanquished Creatures
  A bat (D:1)
  3 endoplasms (D:1)
  4 jackals (D:1)
  A quokka (D:1)
  A kobold (D:1)
  2 rats (D:1)
12 creatures vanquished.

Vanquished Creatures (collateral kills)
  A ball python (D:1)
1 creature vanquished.

Vanquished Creatures (others)
  A ball python zombie (D:1)
  2 jackal zombies (D:1)
  A kobold zombie (D:1)
  A quokka zombie (D:1)
5 creatures vanquished.

Grand Total: 18 creatures vanquished

Notes
Turn   | Place    | Note
-------+----------+-------------------------------------------
     0 | D:1      | jejorda2 the Minotaur Enchanter began the quest for the
                  | Orb.
     0 | D:1      | Reached XP level 1. HP: 14/14 MP: 1/1
    95 | D:1      | Found a faded altar of an unknown god.
   115 | D:1      | Reached skill level 1 in Fighting
   117 | D:1      | Became a worshipper of Yredelemnul the Dark
   117 | D:1      | Reached * piety under Yredelemnul
   292 | D:1      | Reached XP level 2. HP: 14/23 MP: 3/3
   304 | D:1      | HP: 1/24 [quokka (4)]
   307 | D:1      | Reached skill level 1 in Invocations
   453 | D:1      | Slain by a quokka

Illustrated notes

Levels and vault maps discovered:
D:1:      dpeg_arrival_shelter, layout_basic, serial_forest,
          infiniplex_forest_straight_1, infiniplex_forest_zigzag_1,
          infiniplex_forest_lined_room_2, infiniplex_forest_corner_1,
          infiniplex_forest_end_3, infiniplex_forest_clump_C,
          infiniplex_forest_zigzag_2, ebering_ecumenical_altar_abandoned,
          chequers_garden, st_stairs_10

Skill      XL: |  1  2 |
---------------+-------+-----
Fighting       | 1 |  1.9
Invocations    | 1 |  1.1
Short Blades   | |  1.1
Dodging        | |  2.1
Stealth        | |  2.4
Spellcasting   | |  1.3
Hexes          | |  2.0

Action                   || total
-------------------------++-------
Melee: Dagger            ||    38
       Headbutt          ||     6
 Cast: Corona            ||     1
Invok: Animate Remains   ||     5
Armor: Robe              ||     5
Dodge: Dodged            ||    18
